cohdb
Replays
Latest Replays
All Replays
Popular Replays
Top Player Replays
Match Explorer
How It Works
Community
CoH3 Stats
Reddit
Sign in to upload your games and track your stats! →
Sign in with Steam
Match 39887073
Unlisted
Match 39887073
Overview
Messages
Build Orders
End
Construct Section Command Post
Infantry Section
Selects Canadian Shock Battlegroup
Vickers Machine Gun Team
Infantry Section
Grenade Package
Selects Attacking Spirit
Selects Canadian Shock Section
Infantry Section
Construct Platoon Command Post
Selects Incendiary Munitions
Humber Armored Car
Construct Company Command Post
Selects Pyrotechnics
SchnellSchuh5000
Bananenratte
Gal
Shutikh
0
0
Comments
sign in to comment!
No comments posted yet!